 Dungeon Crawl Stone Soup version 0.29.1-13-g9f3cf754e1 (webtiles) character file.

Game seed: 6141240602846751739

16 cheesebisquit the Shooter (level 2, -2/18 HPs)
             Began as a Gargoyle Hunter on Jan 21, 2023.
             Slain by a goblin
             ... wielding a +0 club
             ... led by Robin
              (5 damage)
             ... on level 2 of the Dungeon.
             The game lasted 00:04:43 (949 turns).

cheesebisquit the Shooter (Gargoyle Hunter)          Turns: 949, Time: 00:04:43

Health: -2/18      AC:  5    Str: 14    XL:     2   Next: 58%
Magic:  2/2        EV: 11    Int:  9    God:
Gold:   43         SH:  0    Dex: 13    Spells: 1/1 levels left

rFire   . . .      SeeInvis .   a - +0 shortbow
rCold   . . .      Faith    .   (shield currently unavailable)
rNeg    + . .      Spirit   .   c - +0 leather armour
rPois   ∞          Reflect  .   (no helmet)
rElec   +          Harm     .   (no cloak)
rCorr   .          Rampage  .   (no gloves)
Will    .....                   (no boots)
Stlth   +.........              (no amulet)
HPRegen 0.06/turn               (no ring)
MPRegen 0.08/turn               (no ring)

@: no status effects
A: sickness immunity, AC +2, negative energy resistance 1, electricity
resistance, torment resistance 1, petrification resistance
a: no special abilities


You were on level 2 of the Dungeon.
You visited 1 branch of the dungeon, and saw 2 of its levels.

You collected 43 gold pieces.

Inventory:

Hand Weapons
 a - a +0 shortbow (weapon)
Armour
 c - a +0 leather armour (worn)
Scrolls
 b - a scroll of immolation
 f - a scroll of teleportation {unknown}
 h - a scroll of identify {unknown}
Potions
 d - a potion of ambrosia {unknown}
 g - a potion of curing {unknown}


   Skills:
 + Level 2.6 Fighting
 * Level 4.4 Ranged Weapons
 - Level 1.5 Dodging
 - Level 1.1 Stealth


You had one spell level left.
You didn't know any spells.
Your spell library was empty.

Dungeon Overview and Level Annotations

Branches:
Dungeon (2/15)

Altars:

Shops:
D:1 :(

Annotations:
D:2 Robin, Sigmund


Innate Abilities, Weirdness & Mutations

You are immune to sickness and miasma.
Your stone body is resilient. (AC +2)
You are immune to poison.
You resist negative energy. (rN+)
You are resistant to electric shocks. (rElec)
You are resistant to unholy torment.
You are immune to petrification.


Message History

You shoot an arrow. The arrow closely misses the goblin.
The goblin shouts!
The goblin closely misses you. x2
A goblin comes into view. It is wielding a +0 club.
The goblin barely misses you. The goblin misses you.
Robin says, "Duck!"
Fire: a) +0 shortbow
Press: ? - help, Q - select action Shift-Dir - straight line, f/p - goblin
Aim: a goblin, wielding a +0 dagger (strong, 53% to hit)
You shoot an arrow. The arrow hits the goblin.
The goblin is heavily wounded.
The goblin hits you but does no damage. The goblin hits you with a +0 dagger.
Fire: a) +0 shortbow
Press: ? - help, Q - select action Shift-Dir - straight line, f/p - goblin
Aim: a goblin, wielding a +0 dagger (heavily wounded, strong, 53% to hit)
You shoot an arrow. The arrow hits the goblin.
The goblin is severely wounded.
The goblin completely misses you. The goblin hits you with a +0 dagger.
Fire: a) +0 shortbow
Press: ? - help, Q - select action Shift-Dir - straight line, f/p - goblin
Aim: a goblin, wielding a +0 dagger (severely wounded, strong, 53% to hit)
You shoot an arrow. The arrow closely misses the goblin.
The goblin barely misses you. The goblin hits you but does no damage.
Fire: a) +0 shortbow
Press: ? - help, Q - select action Shift-Dir - straight line, f/p - goblin
Aim: a goblin, wielding a +0 dagger (severely wounded, strong, 53% to hit)
You shoot an arrow. The arrow misses the goblin.
The goblin hits you but does no damage. The goblin hits you with a +0 dagger.
Robin's horned helmet rattles.
The goblin hits you with a +0 club.
* * * LOW HITPOINT WARNING * * *
The goblin hits you with a +0 dagger.
* * * LOW HITPOINT WARNING * * *
Really read the scroll of immolation? [Y]es or [N]o only, please.
Really read the scroll of immolation?
Okay, then.
It was a potion of magic.
Magic courses through your body. The goblin hits you with a +0 club.
You die...

# #####g##### #.#
#.g@ggg.... #.#
#.###gg†... ##
#.#####.### g....
.# #.#.......#
.... ##.##
##.#.......# ...
.#.##.##.#.......#
..
.#....##.#.......#
#
@........#.......#
#.#####..#.......#


You could see Robin and 7 goblins.

Vanquished Creatures
  A dart slug (D:1)
  3 goblins
  A hobgoblin (D:2)
  A quokka (D:1)
  A bat (D:1)
  4 kobolds (D:1)
  5 rats (D:1)
16 creatures vanquished.

Notes
Turn   | Place    | Note
-------+----------+-------------------------------------------
     0 | D:1      | cheesebisquit the Gargoyle Hunter began the quest for the
                  | Orb.
     0 | D:1      | Reached XP level 1. HP: 12/12 MP: 1/1
     4 | D:1      | Found a faded altar of an unknown god.
   100 | D:1      | Found Edust's Book Shop.
   435 | D:1      | Reached XP level 2. HP: 18/18 MP: 2/2
   574 | D:1      | Found Wijaiz's Weapon Shoppe.
   666 | D:2      | Noticed Sigmund
   940 | D:2      | Noticed Robin
   949 | D:2      | Slain by a goblin

Illustrated notes

Levels and vault maps discovered:
D:1:      minmay_arrival_nine_rooms, layout_rooms, serial_shops, shop,
          nicolae_shop_bloodbath_and_beyond, basic_ecumenical_altar
D:2:      layout_basic, serial_glass, glass_columns_a, glass_columns_b,
          minmay_pentomino_q2, uniq_robin, uniq_sigmund, uniq_terence

Action                   || total
-------------------------++-------
 Fire: Shortbow          ||    65
  Use: Potion            ||     1
Armor: Leather armour    ||     9
Dodge: Dodged            ||    23
